 Dungeon Crawl Stone Soup version 0.29.0-4-gdea44cf6ec (webtiles) character file.

Game seed: 3745346579880536401

2004 qw the Grappler (level 9, -1/84 HPs)
             Began as a Troll Cinder Acolyte on Sept 2, 2022.
             Was a Priest of Ignis.
             Slain by a hornet (11 damage)
             ... on level 7 of the Dungeon.
             The game lasted 00:02:52 (4669 turns).

qw the Grappler (Troll Cinder Acolyte)              Turns: 4669, Time: 00:02:53

Health: -1/84      AC: 13    Str: 28    XL:     9   Next: 2%
Magic:  9/9        EV:  9    Int: 10    God:    Ignis [***...]
Gold:   165        SH:  0    Dex:  5    Spells: 10/10 levels left

rFire   + . .      SeeInvis .     - Unarmed
rCold   + . .      Faith    .   (no shield)
rNeg    . . .      Spirit   .   a - +0 robe
rPois   +          Reflect  .   (helmet restricted)
rElec   .          Harm     .   c - +1 cloak
rCorr   .          Rampage  .   (gloves unavailable)
Will    .....                   (boots unavailable)
Stlth   +.........              (no amulet)
HPRegen 1.04/turn               b - ring of protection from cold
MPRegen 0.11/turn               j - ring of poison resistance

@: lethally poisoned (-1 -> -2), fiery-armoured
A: large, unfitting armour, claws 3, regeneration 1, shaggy fur 1, tough skin 1
a: Renounce Religion, Fiery Armour, Foxfire Swarm, Rising Flame


You were on level 7 of the Dungeon.
You worshipped Ignis.
Ignis was most pleased with you.
You visited 1 branch of the dungeon, and saw 7 of its levels.

You collected 249 gold pieces.
You spent 84 gold pieces at shops.


Innate Abilities, Weirdness & Mutations

You are too large for most types of armour.
You have claws for hands.
Your natural rate of healing is unusually fast.
You are covered in fur. (AC +1)
You have tough skin. (AC +1)


   Skills:
 - Level 4.1 Fighting
 - Level 1.1 Dodging
 + Level 11.3 Unarmed Combat
 - Level 1.0 Spellcasting
 - Level 2.1 Fire Magic


You had 10 spell levels left.
You didn't know any spells.
Your spell library contained the following spells:

 Spells                   Type           Power      Damage    Failure   Level
 Scorch                   Fire           8%         2d5       22%         2

Inventory:

Armour
 a - a +0 robe (worn)
 c - a +1 cloak (worn)
Jewellery
 b - a ring of protection from cold (left claw)
 j - a ring of poison resistance (right claw)
Scrolls
 d - 4 scrolls of identify
Potions
 e - a potion of haste
 f - a potion of mutation
 g - 2 potions of curing
 m - a potion of cancellation
 n - 2 potions of resistance

Dungeon Overview and Level Annotations

Branches:
Dungeon (7/15)             Temple (0/1) D:6

Altars:
Cheibriados
Fedhas
Gozag
Nemelex Xobeh
Qazlal
Ru
Vehumet

Shops:
D:1 ?   D:3 *::?   D:4 (   D:5 [

Annotations:
D:6 2 runed translucent doors


Message History

The scorpion stings you but does no damage.
The scorpion is burned by your cloak of flames.
The scorpion is moderately wounded.
The hornet stings you but does no damage.
The hornet is burned by your cloak of flames.
The hornet is lightly wounded.
4666 ||| DRINKING potion of heal wounds.
You feel much better.
You feel very sick.
The hornet stings you but does no damage.
The hornet is burned by your cloak of flames.
The hornet is moderately wounded.
The scorpion stings you but does no damage.
The scorpion is burned by your cloak of flames.
The scorpion is heavily wounded.
The hornet stings you but does no damage.
The hornet is burned by your cloak of flames.
The hornet is moderately wounded.
The scorpion stings you but does no damage.
You closely miss the scorpion.
The scorpion is heavily wounded.
You feel yourself speed up.
You feel very sick. The hornet stings you. The scorpion stings you.
The scorpion is burned by your cloak of flames.
The scorpion is severely wounded.
The hornet stings you.
The hornet is burned by your cloak of flames.
The hornet is heavily wounded.
You mangle the scorpion!!
You kill the scorpion!
You feel sick. The hornet stings you.
You have reached level 9!
Your experience leads to an increase in your attributes!
Increase (S)trength, (I)ntelligence, or (D)exterity?
You feel stronger. x3
You claw the hornet!
The hornet is almost dead.
You feel sick. The hornet stings you!
You die...

..# . #.# ## .##.####..
.. #.....##.## #.
#...).##.# .##.##
.......#.# ...<#
#..<..##.#####..#
#...).##.##.....####
###)#)##....# #.@%.#
............# #.#y.....#
.......####.###.#..###.#
.##..#.####.....#..#
.....#.##.....###...
.....#.##.....# .##.
.##..#.##.....# .# $# .
.....##..>..# .. .
......##.....#


You could see a hornet.

Vanquished Creatures
  Pikel (D:4)
  Eustachio (D:4)
  An ice beast (D:5)
  3 ogres
  A centaur (D:6)
  4 lemures (D:4)
  2 phantoms (D:5)
  A necrophage (D:6)
  2 scorpions
  2 jellies
  7 hounds
  Terence (D:2)
  4 iguanas
  An orc wizard (D:2)
  4 gnolls (D:7)
  Robin (D:4)
  4 adders
  2 river rats (D:5)
  2 shadow imps
  3 worms (D:5)
  2 dart slugs
  6 orcs
  8 endoplasms
  4 giant cockroaches
  14 hobgoblins
  10 jackals
  4 quokkas
  A ball python (D:3)
  6 bats
  5 frilled lizards
  9 goblins
  8 kobolds
  3 rats
127 creatures vanquished.

Notes
Turn   | Place    | Note
-------+----------+-------------------------------------------
     0 | D:1      | qw the Troll Cinder Acolyte began the quest for the Orb.
     0 | D:1      | Reached XP level 1. HP: 22/22 MP: 1/1
     0 | D:1      | 0 ||| qw: Version: 0.1-a-97-g2dd2ca4
     0 | D:1      | 0 ||| qw: Game counter: 4922
     0 | D:1      | 0 ||| qw: Always use a shield: true
     0 | D:1      | 0 ||| qw: God list: Okawaru
     0 | D:1      | 0 ||| qw: Allow faded altars: false
     0 | D:1      | 0 ||| qw: Do Orc after D:15 true
     0 | D:1      | 0 ||| qw: Do second Lair branch before Depths: true
     0 | D:1      | 0 ||| qw: Lair rune preference: random
     0 | D:1      | 0 ||| qw: Plans: Normal
     0 | D:1      | 0 ||| PLANNING D:1-11
    43 | D:1      | 43 ||| Stepping ~*~*~tactically~*~*~ (stealth).
    47 | D:1      | 47 ||| Stepping ~*~*~tactically~*~*~ (stealth).
    51 | D:1      | 51 ||| Stepping ~*~*~tactically~*~*~ (stealth).
    52 | D:1      | 52 ||| Stepping ~*~*~tactically~*~*~ (stealth).
    86 | D:1      | Reached XP level 2. HP: 29/29 MP: 2/2
    90 | D:1      | 90 ||| Stepping ~*~*~tactically~*~*~ (stealth).
    97 | D:1      | 97 ||| Stepping ~*~*~tactically~*~*~ (stealth).
   277 | D:1      | Found Nilymauw's Magic Scroll Shop.
   292 | D:1      | 292 ||| SHOPLISTING scroll of enchant armour (82 gold, have
                  | 13).
   292 | D:1      | 292 ||| SHOPLISTING scroll of identify (22 gold, have 13).
   504 | D:1      | 504 ||| Stepping ~*~*~tactically~*~*~ (hiding).
   508 | D:1      | Reached skill level 4 in Unarmed Combat
   656 | D:1      | 656 ||| READING 3 scrolls labelled ZODWAU OGEM.
   657 | D:1      | 657 ||| READING scroll labelled AXUTIDATRI.
   658 | D:1      | 658 ||| READING scroll labelled QOESEI AQOYNT.
   659 | D:1      | 659 ||| DRINKING 2 fizzy red potions.
   760 | D:1      | 760 ||| READING 2 scrolls of identify.
   760 | D:1      | 760 ||| IDENTIFYING purple potion
   761 | D:1      | 761 ||| DROPPING potion of attraction.
   762 | D:1      | 762 ||| DROPPING potion of ambrosia.
   832 | D:2      | 832 ||| Stepping ~*~*~tactically~*~*~ (hiding).
   835 | D:2      | 835 ||| Stepping ~*~*~tactically~*~*~ (hiding).
   970 | D:2      | Reached XP level 3. HP: 36/36 MP: 3/3
  1154 | D:2      | 1154 ||| Stepping ~*~*~tactically~*~*~ (stealth).
  1158 | D:2      | 1158 ||| Stepping ~*~*~tactically~*~*~ (stealth).
  1243 | D:2      | 1243 ||| Stepping ~*~*~tactically~*~*~ (stealth).
  1305 | D:2      | Noticed Terence
  1316 | D:2      | 1316 ||| INVOKING Fiery Armour.
  1321 | D:2      | Killed Terence
  1322 | D:2      | Reached skill level 5 in Unarmed Combat
  1322 | D:2      | Reached XP level 4. HP: 15/44 MP: 4/4
  1354 | D:2      | Found a sparkling altar of Nemelex Xobeh.
  1686 | D:2      | 1686 ||| UPGRADING to +1 cloak.
  1691 | D:2      | 1691 ||| UPGRADING to ring of protection from cold.
  1692 | D:2      | 1692 ||| UPGRADING to ring of poison resistance.
  1693 | D:2      | 1693 ||| READING scroll labelled DEFFO PUDAQITE.
  1694 | D:2      | 1694 ||| READING 2 scrolls of identify.
  1694 | D:2      | 1694 ||| IDENTIFYING murky inky potion
  1769 | D:3      | Found Afygez's General Store.
  1777 | D:3      | 1777 ||| BUYING scroll of identify (24 gold).
  1777 | D:3      | Bought a scroll of identify for 24 gold pieces
  1780 | D:3      | Found a stormy altar of Qazlal.
  1817 | D:3      | Found Olijur's Book Emporium.
  1825 | D:3      | 1825 ||| Stepping ~*~*~tactically~*~*~ (stealth).
  1832 | D:3      | 1832 ||| READING 2 scrolls of identify.
  1832 | D:3      | 1832 ||| IDENTIFYING inky potion
  1851 | D:3      | Noticed a scorpion
  1857 | D:3      | Killed a scorpion
  1858 | D:3      | Reached XP level 5. HP: 48/50 MP: 5/5
  1860 | D:3      | Reached skill level 6 in Unarmed Combat
  1902 | D:3      | Found a blossoming altar of Fedhas.
  2007 | D:3      | 2007 ||| Stepping ~*~*~tactically~*~*~ (hiding).
  2011 | D:3      | 2011 ||| STAIRDANCE
  2115 | D:2      | 2115 ||| DROPPING ring of flight.
  2116 | D:2      | 2116 ||| READING 2 scrolls labelled TUNUJ PEMU.
  2121 | D:2      | 2121 ||| READING 3 scrolls of identify.
  2121 | D:2      | 2121 ||| IDENTIFYING bubbling coppery potion
  2122 | D:2      | 2122 ||| READING 2 scrolls of identify.
  2122 | D:2      | 2122 ||| IDENTIFYING orange potion
  2123 | D:2      | 2123 ||| DROPPING potion of flight.
  2151 | D:3      | Found Lyukuva's Book Shoppe.
  2158 | D:3      | Found a snail-covered altar of Cheibriados.
  2496 | D:3      | Found Ustrip's Magic Scroll Shoppe.
  2506 | D:3      | 2506 ||| BUYING scroll of identify (20 gold).
  2506 | D:3      | Bought a scroll of identify for 20 gold pieces
  2506 | D:3      | 2506 ||| BUYING scroll of identify (20 gold).
  2506 | D:3      | Bought a scroll of identify for 20 gold pieces
  2506 | D:3      | 2506 ||| BUYING scroll of identify (20 gold).
  2506 | D:3      | Bought a scroll of identify for 20 gold pieces
  2506 | D:3      | 2506 ||| SHOPLISTING scroll of teleportation (30 gold, have
                  | 9).
  2537 | D:3      | 2537 ||| READING 6 scrolls of identify.
  2537 | D:3      | 2537 ||| IDENTIFYING amethyst potion
  2538 | D:3      | 2538 ||| READING 5 scrolls of identify.
  2538 | D:3      | 2538 ||| IDENTIFYING brown potion
  2539 | D:3      | 2539 ||| READING 4 scrolls of identify.
  2539 | D:3      | 2539 ||| IDENTIFYING murky white potion
  2540 | D:3      | 2540 ||| DROPPING potion of brilliance.
  2550 | D:4      | 2550 ||| Stepping ~*~*~tactically~*~*~ (stealth).
  2555 | D:4      | Reached XP level 6. HP: 59/59 MP: 6/6
  2633 | D:4      | Noticed Pikel
  2644 | D:4      | 2644 ||| Stepping ~*~*~tactically~*~*~ (outnumbered).
  2645 | D:4      | 2645 ||| Stepping ~*~*~tactically~*~*~ (outnumbered).
  2646 | D:4      | 2646 ||| Stepping ~*~*~tactically~*~*~ (outnumbered).
  2649 | D:4      | 2649 ||| INVOKING Fiery Armour.
  2656 | D:4      | HP: 9/59 [Pikel/+2 whip of flaming (8)]
  2657 | D:4      | 2657 ||| READING scroll of teleportation.
  2658 | D:4      | 2658 ||| DRINKING potion of heal wounds.
  2660 | D:4      | Found Nets's Antique Weapon Boutique.
  2672 | D:4      | Killed Pikel
  2673 | D:4      | Reached skill level 8 in Unarmed Combat
  2673 | D:4      | Reached XP level 7. HP: 56/66 MP: 7/7
  2745 | D:4      | Noticed Robin
  2747 | D:4      | 2747 ||| INVOKING Fiery Armour.
  2752 | D:4      | 2752 ||| Stepping ~*~*~tactically~*~*~ (outnumbered).
  2771 | D:4      | Killed Robin
  2881 | D:4      | Reached skill level 3 in Fighting
  2886 | D:4      | Noticed Eustachio
  2887 | D:4      | 2887 ||| Stepping ~*~*~tactically~*~*~ (stealth).
  2898 | D:4      | 2898 ||| Stepping ~*~*~tactically~*~*~ (outnumbered).
  2899 | D:4      | 2899 ||| INVOKING Fiery Armour.
  2900 | D:4      | 2900 ||| Stepping ~*~*~tactically~*~*~ (outnumbered).
  2908 | D:4      | Killed Eustachio
  2909 | D:4      | Reached skill level 9 in Unarmed Combat
  2946 | D:4      | Reached XP level 8. HP: 75/75 MP: 8/8
  3088 | D:4      | 3088 ||| READING scroll labelled WUF ATUCZA.
  3089 | D:4      | 3089 ||| READING scroll labelled RELUIM VEMPACHU.
  3100 | D:5      | Entered Level 5 of the Dungeon
  3101 | D:5      | 3101 ||| PLANNING SEWER
  3134 | D:5      | Reached skill level 1 in Dodging
  3457 | D:5      | Reached skill level 10 in Unarmed Combat
  3475 | D:5      | Found Lany's Antique Armour Shoppe.
  3503 | D:5      | 3503 ||| SHOPLISTING shiny ice dragon scales (1638 gold,
                  | have 104).
  3503 | D:5      | 3503 ||| SHOPLISTING steaming cloak (247 gold, have 104).
  3739 | D:5      | 3739 ||| RIP SEWER
  3773 | D:5      | 3773 ||| PLANNING D:1-11
  3893 | D:5      | 3893 ||| READING scroll labelled GUGIURR VIXA.
  3894 | D:5      | 3894 ||| READING scroll labelled ZOYGGU VIPPE.
  3895 | D:5      | 3895 ||| READING scroll labelled OCEDIP HOETYM.
  3896 | D:5      | 3896 ||| READING 2 scrolls labelled ICZEUC XOUCVUS.
  3897 | D:5      | 3897 ||| READING 5 scrolls of identify.
  3897 | D:5      | 3897 ||| IDENTIFYING fuming silvery potion
  3898 | D:5      | 3898 ||| READING 4 scrolls of identify.
  3898 | D:5      | 3898 ||| IDENTIFYING fuming dark potion
  3899 | D:5      | 3899 ||| DROPPING potion of lignification.
  3900 | D:5      | 3900 ||| DROPPING scroll of magic mapping.
  3940 | D:6      | Found a staircase to the Ecumenical Temple.
  3970 | D:6      | 3970 ||| Stepping ~*~*~tactically~*~*~ (stealth).
  3974 | D:6      | Found a radiant altar of Vehumet.
  3977 | D:6      | 3977 ||| Stepping ~*~*~tactically~*~*~ (stealth).
  4004 | D:6      | 4004 ||| INVOKING Fiery Armour.
  4115 | D:6      | Reached skill level 11 in Unarmed Combat
  4323 | D:6      | Identified the +5 war axe "Zaycusk" {drain, rElec}
  4328 | D:6      | Found a large runed translucent door.
  4329 | D:6      | Found a large runed translucent door.
  4374 | D:6      | Found a sacrificial altar of Ru.
  4374 | D:6      | Found an opulent altar of Gozag.
  4599 | D:6      | 4599 ||| READING scroll labelled FIZYLORA TEDDUSURGH.
  4614 | D:7      | 4614 ||| Stepping ~*~*~tactically~*~*~ (hiding).
  4659 | D:7      | Noticed a hornet
  4663 | D:7      | Paralysed by a hornet for 1 turns
  4663 | D:7      | HP: 17/78 [hornet (11)]
  4664 | D:7      | 4664 ||| DRINKING 2 potions of heal wounds.
  4665 | D:7      | 4665 ||| INVOKING Fiery Armour.
  4665 | D:7      | HP: 7/78 [hornet (10)]
  4666 | D:7      | 4666 ||| DRINKING potion of heal wounds.
  4669 | D:7      | Reached XP level 9. HP: 12/84 MP: 9/9
  4669 | D:7      | Slain by a hornet

Levels and vault maps discovered:
D:1:      moated_graveyard_arrival, layout_basic, serial_shops, shop,
          kennysheep_pointless_box
D:2:      layout_basic, basic_altar, uniq_terence
D:3:      layout_basic, fedhas_ov_isle_minmay, nicolae_qazlal_general_emergency,
          cheibriados_altar_1, serial_shops, nicolae_lakefront_shop,
          nicolae_shop_window_shopping,
          nicolae_shop_temple_entry_statues_fountains, shop
D:4:      layout_rooms, serial_shops, nicolae_shop_waterfront, uniq_robin,
          uniq_eustachio, uniq_pikel
D:5:      layout_loops_ring, portal_sewer_entry_e, grunt_decor_mini_mirrors,
          minivault_1, minmay_shop_grid_forest
D:6:      layout_rooms, nicolae_overflow_two_pavilions, jmf_multi_god_temple2,
          mainiacjoe_overflow_catwalk, temple_pool_b, chequers_arboretum
D:7:      minmay_general_purpose_star, layout_loops_cross,
          mainiacjoe_overflow_catch_the_wave, old_standard_altar,
          nicolae_shop_overcharged_wands

Skill      XL: |  1  2  3  4  5  6  7  8 |
---------------+-------------------------+-----
Unarmed Combat | 4 5 6 8 9 11 | 11.3
Fighting       | 3 4 |  4.1
Dodging        | 1 |  1.1
Spellcasting   | |  1.0
Fire Magic     | |  2.1

Action                   |  1- 3 |  4- 6 |  7- 9 || total
-------------------------+-------+-------+-------++-------
Melee: Unarmed           |   132 |   103 |   150 ||   385
       Punch             |       |     3 |     3 ||     6
Invok: Fiery Armour      |     1 |     1 |     4 ||     6
  Use: Scroll            |     4 |    10 |     9 ||    23
       Potion            |     1 |     1 |     2 ||     4
Armor: Robe              |    37 |    35 |    57 ||   129
Dodge: Dodged            |    36 |    36 |    48 ||   120

Table legend:
 A = Non-vault XP
 B = Vault XP
 C = Vault XP percentage of total XP
 D = Non-vault monster count
 E = Vault monster count
 F = Vault count percentage of total count
                 A         B        C        D         E       F
            +---------+---------+-------+---------+---------+-------
      Total |    1907 |     957 |  33.4 |     100 |      23 |  18.7
            +---------+---------+-------+---------+---------+-------
        D:1 |      32 |       0 |   0.0 |      20 |       0 |   0.0
        D:2 |     105 |      36 |  25.5 |      25 |       1 |   3.8
        D:3 |     149 |       0 |   0.0 |      15 |       0 |   0.0
        D:4 |     241 |     875 |  78.4 |      15 |      14 |  48.3
        D:5 |     804 |      46 |   5.4 |      12 |       8 |  40.0
        D:6 |     428 |       0 |   0.0 |       7 |       0 |   0.0
        D:7 |     148 |       0 |   0.0 |       6 |       0 |   0.0
            +---------+---------+-------+---------+---------+-------
